 Dungeon Crawl Stone Soup version 0.27-a0-909-g0721f309d1 (webtiles) character file.

Game seed: 3806245051372685422

841 EnegeticOcto the Magician (level 8, -4/54 HPs)
             Began as a Djinni Fire Elementalist on Apr 8, 2021.
             Was a Follower of Makhleb.
             Killed by divine providence
             ... invoked by an orc priest
              (12 damage)
             ... on level 6 of the Dungeon.
             The game lasted 00:08:00 (1057 turns).

EnegeticOcto the Magician (DjFE)                    Turns: 1057, Time: 00:08:01

Health: -4/54      AC:  4    Str:  7    XL:     8   Next: 0%
Gold:   108        EV: 12    Int: 19    God:    Makhleb [*.....] SH:  0 Dex: 14

rFire    + + .     SeeInvis .   f - +0 scythe
rCold    x . .     Faith    .   (shield currently unavailable)
rNeg     . . .     Spirit   .   e - +2 robe
rPois    ∞         Reflect  .   (no helmet)
rElec    .         Harm     .   (no cloak)
rCorr    .         Rampage  .   (no gloves)
Will     ++...                  (boots unavailable)
Stlth    ++........             (no amulet)
HPRegen  0.18/turn              (no ring)
MPRegen  0.00/turn              (no ring)

@: flying
A: fire resistance 2, cold vulnerability 1, float, innate caster, hp casting,
extra vitality 1, strong-willed 2
a: Renounce Religion


You were on level 6 of the Dungeon.
You worshipped Makhleb.
Makhleb was aware of your devotion.
You visited 2 branches of the dungeon, and saw 7 of its levels.

You collected 108 gold pieces.

Inventory:

Hand Weapons
 f - a +0 scythe (weapon)
   (You took it off Sigmund on level 5 of the Dungeon)
 h - a +0 dire flail of holy wrath
   (You took it off Edmund on level 5 of the Dungeon)
Missiles
 i - a throwing net {!f}
Armour
 a - a +0 robe
 e - a +2 robe (worn)
   (You took it off Sigmund on level 5 of the Dungeon)
Wands
 k - a wand of flame (8) {@v4}
   (You found it on level 6 of the Dungeon)
Scrolls
 d - 4 scrolls of teleportation {@r3 !r}
 g - a scroll of identify {@r1}
 j - a scroll of enchant armour {unknown}
Potions
 b - 2 potions of haste {@q4 !q}


   Skills:
 + Level 2.2 Fighting
 - Level 2.1 Dodging
 - Level 1.5 Stealth
 + Level 7.5 Spellcasting


You couldn't memorise any spells.
You knew the following spells:

 Your Spells              Type           Power      Damage    Failure   Level
a - Conjure Flame         Conj/Fire      35%        6-21      1%          3
b - Foxfire               Conj/Fire      100%       2x1d9     1%          1
c - Inner Flame           Hex/Fire       35%        N/A       1%          3
d - Sticky Flame          Conj/Fire      35%        2d5       4%          4
e - Fireball              Conj/Fire      17%        3d9       12%         5
f - Magic Dart            Conj           100%       1d8       1%          1
g - Summon Guardian Gole  Hex/Summ       35%        N/A       1%          3
p - Passwall              Tmut/Erth      29%        N/A       1%          2
Your spell library was empty.

Dungeon Overview and Level Annotations

Branches:
Dungeon (6/15)             Temple (1/1) D:4

Altars:
Ashenzari
Cheibriados
Dithmenos
Elyvilon
Fedhas
Gozag
Kikubaaqudgha
Makhleb
Nemelex Xobeh
Okawaru
Qazlal
Ru
Sif Muna
Trog
Uskayaw
Vehumet
Wu Jian
Xom
Yredelemnul
Zin
The Shining One

Annotations:
D:4 Grinder


Innate Abilities, Weirdness & Mutations

You are immune to poison.
Your flesh is very heat resistant. (rF++)
You are vulnerable to cold. (rC-)
You float through the air rather than walking.
You learn spells naturally, not from books.
Your magical power is your life essence.
You have superior vitality. (+4 HP)
You are highly strong-willed. (Will++)


Message History

The electric eel is lightly wounded.
The electric eel is engulfed in a cloud of scalding steam.
The electric eel is engulfed in a cloud of scalding steam.
Casting: Foxfire (safe; 1% risk of failure)
Confirm with . or Enter, or press ? or * to list all spells.
You conjure some foxfire!
The electric eel is engulfed in a cloud of scalding steam.
You kill the electric eel!
Makhleb accepts your kill.
There is an open door here.
Found 11 gold pieces.
Your foxfire dissipates!
Found 21 stones.
Found a transporter.
The centaur shouts!
Found a hunting sling.
Found 21 gold pieces.
You now have 87 gold pieces (gained 8).
You reach down and open the door.
There is an open door here.
Found a potion of haste.
You see here 21 stones.
There is a transporter here.
There is a transporter here.
You see here 21 stones.
There is a transporter here.
You enter the transporter and appear at another place.
The centaur wields a +0 shortbow.
The centaur shoots an arrow.
The arrow hits you!
* * * LOW HITPOINT WARNING * * *
The centaur shoots an arrow.
The arrow closely misses you.
The centaur shoots an arrow.
The arrow hits you!
* * * LOW HITPOINT WARNING * * *
Okay, then.
Really quaff
c - a potion of curing {@q1 !q}?
You feel better.
Casting: Foxfire (safe; 1% risk of failure)
Confirm with . or Enter, or press ? or * to list all spells.
Aiming: Sticky Flame (dangerous; 4% risk of failure)
Press: ? - help, Shift-Dir - straight line, f - centaur
Aim: a centaur, wielding a +0 shortbow and quivering arrows (0% to evade)
The sticky flame hits the centaur.
The centaur is lightly wounded.
The centaur is covered in liquid flames!
The centaur burns!
The centaur unwields a +0 shortbow.
The centaur hits you.
* * * LOW HITPOINT WARNING * * *
The centaur closely misses you. x2; The centaur misses you.
You slash the centaur!
The centaur is severely wounded.
The centaur burns! x2
You kill the centaur!
Makhleb accepts your kill.
Your Fighting skill increases to level 2!
Things that are here:
a +0 shortbow; 17 arrows; a centaur corpse You now have 108 gold pieces (gained 21).
There is a transporter landing site here.
Found a hand axe.
Found 21 bolts. 2 orcs, an orc warrior, an orc priest and an orc wizard come into view.
The orc wizard shouts!
The orc priest shouts!
The orc shouts!
The orc warrior shouts!
The orc wizard casts a spell at itself.
The orc wizard flickers and vanishes!
Deactivating autopickup; reactivate with Ctrl-A.
The orc moves out of view.
You see here a potion of haste {@q4 !q}.
Casting: Sticky Flame (dangerous; 4% risk of failure)
Confirm with . or Enter, or press ? or * to list all spells.
You conjure some foxfire!
* * * LOW HITPOINT WARNING * * *
Casting: Foxfire (safe; 1% risk of failure)
Confirm with . or Enter, or press ? or * to list all spells.
You conjure some foxfire!
* * * LOW HITPOINT WARNING * * *
Your foxfire dissipates!
The foxfire hits something. x2
Casting: Foxfire (safe; 1% risk of failure)
Confirm with . or Enter, or press ? or * to list all spells.
You conjure some foxfire!
* * * LOW HITPOINT WARNING * * *
The foxfire hits something. x2
Makhleb accepts your kill.
You can now gain health from killing.
Reactivating autopickup.
You feel a bit more experienced.
You have reached level 8!
You feel agile.
Casting: Foxfire (safe; 1% risk of failure)
Confirm with . or Enter, or press ? or * to list all spells.
Aiming: Inner Flame (safe; 1% risk of failure)
Press: ? - help, Shift-Dir - straight line, f - orc warrior
Aim: an orc warrior, wielding a +0 dire flail and wearing a +0 plate armour (chance to affect: 87%)
The orc warrior is filled with an inner flame.
* * * LOW HITPOINT WARNING * * *
Casting: Inner Flame (safe; 1% risk of failure)
Confirm with . or Enter, or press ? or * to list all spells.
You conjure some foxfire!
* * * LOW HITPOINT WARNING * * *
The orc priest calls down the wrath of Beogh upon you.
Beogh smites you!
You die...

#.. #...# o..#
...##...##.....
..).....o......
.......!###'###
......o.##....#
..............######
#..##...o..........#
##+###......©..))...#
#......@v#######....#
+.......v#8.©.8#....#
#........#P.(.P#....#
##..##.$.###'###....#
#..##...#≈...≈#....#
... .....#≈...≈#...##
. .....#≈...≈#...##
##...#≈.♣.≈#.....
##...#≈...≈#.....


You could see an orc warrior (inner flame), an orc priest and an orc (ally
target).

Vanquished Creatures
  Sigmund (D:5)
  Edmund (D:5)
  2 necrophages
  A centaur (D:6)
  A scorpion (D:4)
  2 electric eels (D:6)
  A centaur zombie (D:6)
  2 orc wizards
  An adder (D:5)
  5 gnolls
  7 orcs
  An endoplasm (D:2)
  3 goblins
  3 hobgoblins
  3 jackals (D:4)
  2 kobolds
  4 quokkas
  A ball python (D:4)
  2 bats
  4 frilled lizards
  2 rats
49 creatures vanquished.

Vanquished Creatures (collateral kills)
  2 foxfires (D:6)
2 creatures vanquished.

Vanquished Creatures (others)
  152 foxfires
152 creatures vanquished.

Grand Total: 203 creatures vanquished

Notes
Turn   | Place    | Note
-------+----------+-------------------------------------------
     0 | D:1      | EnegeticOcto the Djinni Fire Elementalist began the quest
                  | for the Orb.
     0 | D:1      | Reached XP level 1. HP: 15/15 MP: 0/0
    56 | D:1      | Reached skill level 3 in Spellcasting
    84 | D:2      | Reached XP level 2. HP: 11/21 MP: 0/0
   232 | D:2      | Reached XP level 3. HP: 12/25 MP: 0/0
   232 | D:2      | Learned a level 1 spell: Magic Dart
   280 | D:2      | Found a faded altar of an unknown god.
   506 | D:4      | Found a staircase to the Ecumenical Temple.
   510 | D:4      | Reached skill level 4 in Spellcasting
   521 | Temple   | Entered the Ecumenical Temple
   559 | Temple   | Became a worshipper of Makhleb the Destroyer
   621 | D:4      | Noticed a necrophage
   623 | D:4      | Noticed a scorpion
   635 | D:4      | Killed a scorpion
   636 | D:4      | Reached XP level 4. HP: 12/31 MP: 0/0
   651 | D:4      | Killed a necrophage
   652 | D:4      | Reached skill level 5 in Spellcasting
   652 | D:4      | Reached XP level 5. HP: 12/35 MP: 0/0
   652 | D:4      | Learned a level 2 spell: Passwall
   679 | D:4      | Noticed Grinder
   685 | D:5      | Entered Level 5 of the Dungeon
   749 | D:5      | Noticed a necrophage
   767 | D:5      | Killed a necrophage
   768 | D:5      | Reached XP level 6. HP: 1/40 MP: 0/0
   818 | D:5      | Noticed Edmund
   819 | D:5      | Reached skill level 6 in Spellcasting
   824 | D:5      | Noticed Sigmund
   835 | D:5      | Killed Edmund
   836 | D:5      | Reached XP level 7. HP: 2/45 MP: 0/0
   836 | D:5      | Learned a level 3 spell: Summon Guardian Golem
   852 | D:5      | Killed Sigmund
   853 | D:5      | Reached skill level 7 in Spellcasting
   967 | D:6      | Found a transporter.
   990 | D:6      | Gained mutation: You are strong-willed. (Will+) [potion of
                  | mutation]
   990 | D:6      | Gained mutation: You are highly strong-willed. (Will++)
                  | [potion of mutation]
  1002 | D:6      | Reached skill level 1 in Fighting
  1013 | D:6      | Found a transporter.
  1036 | D:6      | Reached skill level 2 in Fighting
  1055 | D:6      | Reached * piety under Makhleb
  1056 | D:6      | Reached XP level 8. HP: 12/54 MP: 0/0
  1057 | D:6      | Killed from afar by an orc priest

Illustrated notes

Levels and vault maps discovered:
D:1:      psy_arrival_basics, layout_basic, serial_curves, eino_curves_04,
          eino_curves_03, roderic_serpentine_path
D:2:      layout_loops_ring, basic_ecumenical_altar
D:3:      layout_loops_corners, serial_shops, nicolae_shop_crystal,
          minmay_crystal_water, uniq_robin
D:4:      layout_loops_ring, lemuel_doored_altar,
          minmay_temple_entry_purple_smoke, uniq_grinder,
          uniq_crazy_yiuf_cottage, uniq_eustachio
D:5:      layout_basic, ebering_ghost_disaster_area, uniq_edmund, uniq_sigmund
D:6:      gammafunk_steamed_eel, layout_gridville, serial_park_tiny_1,
          hangedman_abyss_or_decor_jellyfish_corner, minivault_5
Temple:   nicolae_temple_the_god_donut

Skill      XL: |  1  2  3  4  5  6  7 |
---------------+----------------------+-----
Spellcasting   | 3 4 5 6 7 |  7.5
Fighting       | 2 |  2.2
Dodging        | |  2.1
Stealth        | |  1.5

Action                   |  1- 3 |  4- 6 |  7- 9 || total
-------------------------+-------+-------+-------++-------
Melee: Scythe            |       |       |     1 ||     1
 Cast: Foxfire           |    45 |    27 |    20 ||    92
       Inner Flame       |       |     1 |     2 ||     3
       Conjure Flame     |       |     1 |       ||     1
       Sticky Flame      |       |       |     1 ||     1
Evoke: Wand              |       |       |     1 ||     1
  Use: Scroll            |     3 |       |     1 ||     4
       Potion            |     1 |     3 |     3 ||     7
Armor: Robe              |     3 |     1 |       ||     4
Dodge: Dodged            |    10 |     8 |     5 ||    23

Table legend: (Time is in decaauts)
 A = Elapsed time spent in this place.
 B = Non-inter-level travel time spent in this place.
 C = Inter-level travel time spent in this place.
 D = Time resting spent in this place.
 E = Time spent auto-exploring this place.
 F = Levels seen in this place.
 G = Mean time per level.
                   A        B        C        D        E       F      G
               +--------+--------+--------+--------+--------+-----+--------+
         Total |   1083 |   1069 |     14 |      0 |      0 |   7 |  154.7 |
       Dungeon |   1032 |   1018 |     14 |      0 |      0 |   6 |  172.0 |
        Temple |     51 |     51 |      0 |      0 |      0 |   1 |   51.0 |
               +--------+--------+--------+--------+--------+-----+--------+

Top non-repeatable levels by time:
     D:5: 306 daAuts
     D:3: 223 daAuts
     D:1: 170 daAuts
     D:2: 134 daAuts
     D:4: 106 daAuts
     D:6: 90 daAuts
  Temple: 51 daAuts
